 Dungeon Crawl Stone Soup version 0.19-a0-1513-gf6d23ed (webtiles) character file.

503020 jacquesderrida the Fencer (level 24, 126/137 HPs)
             Began as a Vine Stalker Skald on Sept 12, 2016.
             Was the Champion of Ashenzari.
             Quit the game on level 4 of the Depths on Sept 14, 2016.
             The game lasted 02:44:44 (22834 turns).

jacquesderrida the Fencer (Vine Stalker Skald)     Turns: 22834, Time: 02:44:46

Health: 126/137    AC: 39    Str: 18    XL:     24   Next: 59%
Magic:  26/33      EV: 20    Int: 21    God:    Ashenzari [******]
Gold:   4434       SH:  4    Dex: 29    Spells: 6 memorised, 22 levels left

rFire  . . .     SeeInvis +     e - +10 great sword of Malaise {freeze, rElec MR+ Str+3} (curse)
rCold  . . .     Gourm    .     J - +7 chain mail of the Enchanted Forest {rN+++ Slay+3 Stlth-} (curse)
rNeg   + + +     Faith    .     (shield currently unavailable)
rPois  .         Spirit   +     L - +0 helmet
rElec  +         Dismiss  .     t - +1 cloak of Follow the Leader {Int+3} (curse)
rCorr  .         Reflect  .     y - +0 pair of gloves
MR     +++++     Harm     .     R - +4 pair of boots of the Sturgeon {+Blink Dex+3} (curse)
Stlth  .......... Clarity  +    h - amulet of regeneration (curse)
                                z - +6 ring of protection
                                U - ring of Panentheism {+Inv MR+ Dex+6 Slay+4} (curse)

@: scrying
A: fangs 3, large bone plates 1, regeneration 2, magic shield, antimagic bite,
no device heal 3, rot immunity
a: Curse Item, Scrying, Transfer Knowledge, Renounce Religion, Evoke Blink,
Evoke Invisibility
}: 4/15 runes: decaying, slimy, silver, gossamer


You were on level 4 of the Depths.
You worshipped Ashenzari.
Ashenzari was exalted by your worship.
You were not hungry.

You visited 11 branches of the dungeon, and saw 52 of its levels.
You visited 1 bazaar.
You also visited: Labyrinth, Sewer and Ice Cave.

You collected 5911 gold pieces.
You spent 1477 gold pieces at shops.

Inventory:

Hand Weapons
 b - a +0 triple sword of freezing
 e - the cursed +10 great sword of Malaise (weapon) {freeze, rElec MR+ Str+3}
   (You bought it in a shop on level 11 of the Dungeon)

   It has been specially enchanted to freeze those struck by it, causing extra
   injury to most foes and up to half again as much damage against particularly
   susceptible opponents.
   It can also slow down cold-blooded creatures.
   It affects your strength (+3).
   It insulates you from electricity.
   It affects your resistance to hostile enchantments.
   It has a curse placed upon it.
 G - a +6 great sword of electrocution
Armour
 p - a +0 ice dragon armour
 t - the cursed +1 cloak of Follow the Leader (worn) {Int+3}
   (You found it on level 3 of the Elven Halls)

   It affects your intelligence (+3).
   It has a curse placed upon it.
 y - a +0 pair of gloves (worn)
 J - the cursed +7 chain mail of the Enchanted Forest (worn) {rN+++ Slay+3 Stlth-}
   (You found it on level 11 of the Dungeon)

   It affects your accuracy and damage with ranged weapons and melee attacks
   (+3).
   It renders you almost immune to negative energy.
   It makes you less stealthy.
   It has a curse placed upon it.
 L - a +0 helmet (worn)
 R - the cursed +4 pair of boots of the Sturgeon (worn) {+Blink Dex+3}
   (You found it in a labyrinth)

   It affects your dexterity (+3).
   It lets you blink.
   It has a curse placed upon it.
Jewellery
 a - a +2 amulet of reflection
 f - an uncursed ring of fire
 h - a cursed amulet of regeneration (around neck)
 i - an uncursed ring of resist corrosion
 s - a cursed ring of protection from cold
 z - a +6 ring of protection (right hand)
 O - an uncursed ring of poison resistance
 U - the cursed ring of Panentheism (left hand) {+Inv MR+ Dex+6 Slay+4}
   (You found it in an ice cave)

   [ring of slaying]

   It affects your dexterity (+6).
   It affects your accuracy and damage with ranged weapons and melee attacks
   (+4).
   It affects your resistance to hostile enchantments.
   It lets you turn invisible.
   It has a curse placed upon it.
Wands
 m - a wand of disintegration (9/24)
 H - a wand of digging (7/24)
 N - a wand of digging (11/24)
Scrolls
 c - 3 scrolls of blinking
 g - a scroll of summoning
 j - 6 scrolls of recharging
 l - 5 scrolls of remove curse
 r - 4 scrolls of teleportation
 x - 5 scrolls of amnesia
 D - 6 scrolls of enchant armour
 E - 4 scrolls of fog
 I - 6 scrolls of fear
 M - 3 scrolls of magic mapping
 P - 3 scrolls of identify
 W - a scroll of holy word
 Z - a scroll of vulnerability
Potions
 n - 10 potions of ambrosia
 o - 2 potions of magic
 q - 3 potions of invisibility
 u - 4 potions of flight
 v - a potion of beneficial mutation
 w - 11 potions of curing
 A - 2 potions of resistance
 C - 3 potions of haste
 F - 3 potions of might
 Q - 4 potions of brilliance
 T - 6 potions of cancellation
 V - 3 potions of berserk rage
Miscellaneous
 K - a box of beasts
 X - 3 phantom mirrors
 Y - a fan of gales
Comestibles
 d - 18 bread rations
 k - 11 meat rations
 S - a beef jerky


   Skills:
 + Level 18.1 Fighting
 + Level 20.3(25.0) Long Blades
 - Level 12.5(16.6) Armour
 - Level 14.4 Dodging
 - Level 6.3 Spellcasting
 - Level 12.3(15.0) Hexes
 - Level 12.6(15.2) Charms
 - Level 9.1(12.0) Translocations
 + Level 8.1(11.1) Air Magic


You had 22 spell levels left.
You knew the following spells:

 Your Spells              Type           Power        Failure   Level  Hunger
a - Apportation           Tloc           ######....   1%          1    None
b - Spectral Weapon       Hex/Chrm       ######..     1%          3    #......
c - Infusion              Chrm           ####         1%          1    None
m - Repel Missiles        Chrm/Air       ######       1%          2    None
n - Blink                 Tloc           N/A          1%          2    None
p - Passage of Golubria   Tloc           N/A          4%          4    ###....


Dungeon Overview and Level Annotations

Branches:
Dungeon (15/15)            Temple (1/1) D:4            Lair (6/6) D:11
  Swamp (4/4) Lair:4       Spider (4/4) Lair:3        Slime (5/5) Lair:5
    Orc (2/2) D:12            Elf (3/3) Orc:2        Vaults (5/5) D:14
  Crypt (3/3) Vaults:3       Tomb (0/3) Crypt:3      Depths (4/5) D:15

Altars:
Ashenzari
Cheibriados
Dithmenos
Elyvilon
Fedhas
Gozag
Hepliaklqana
Kikubaaqudgha
Qazlal
Ru
Sif Muna
Trog
Uskayaw
Vehumet
Xom
Yredelemnul
Zin
The Shining One
Beogh
Jiyva

Shops:
D:11 (   D:14 }   Orc:2 [:}}   Elf:1 [   Elf:3 =*   Vaults:2 :   Depths:1 *

Portals:
Hell: Depths:3
Pandemonium: Depths:3

Annotations:
Lair:3 SPIDER
Lair:4 SWAMP, Kirke
Swamp:3 exclusion: Roxanne, Roxanne
Crypt:2 Khufu


Innate Abilities, Weirdness & Mutations

You have razor-sharp teeth.
You heal very quickly.
When hurt, damage is shared between your health and your magic reserves.
Your bite disrupts and absorbs the magic of your enemies.
Potions and wands cannot restore your health.
You are immune to rotting.
You are partially covered in large bone plates. (SH +4)


Message History

There is a stone staircase leading down here.
You see here a large rock.
You climb downwards.
Found two stone staircases leading up.
You have a vision of multiple gates.
There is a stone staircase leading up here.
Unknown command.
Unknown command.
Unknown command.
There is a stone staircase leading up here.
A spriggan rider comes into view. It is wielding a spear.
The spriggan rider shouts!
The spriggan rider moves out of view.
You gain astral sight.
Found seven items.
Unknown command.
Unknown command.
Found 17 gold pieces.
Found 22 sling bullets.
There is a stone staircase leading up here.
Are you sure you want to abandon this character and quit the game? (Confirm with "yes".)

,*,*+ ..#.G##.......#
,, C..D.##..#...####
* *
*##.####......#### +
****#######.#.#..####
*,* ≈≈§§≈##......####
,, $!%§§##..#...####
⌠, ,#SC§§##..i....###
8,, +
#.D§§##.<.<..####
>,⌠,,
.##$§##..@....### ,,,
+,...$≈##.......### *
** ,.C.$≈############
,,...##≈########### ,
, <..+###§§≈§≈≈≈####
*
,,,.+#.##§§§?(!≈≈###
, +#.#+......$§#### ,
#.#+..##C#.(≈≈### ,,
*, + , , ≈


You could see a titan (sleeping), a fire dragon (sleeping), an ice dragon
(sleeping), a stone giant (sleeping) and a spriggan rider.

Vanquished Creatures
  the Royal Jelly (Slime:5)
  The ghost of nublet the Pyromancer, a veteran DrCj of Sif Muna (Vaults:5)
  6 ancient liches
  Sojobo (Vaults:2)
  Saint Roka (Crypt:3)
  A curse toe (Crypt:3)
  Xtahua (Crypt:2)
  A caustic shrike (Depths:3)
  2 golden dragons (Vaults:5)
  Jorgrun (Spider:2)
  3 tentacled monstrosities
  5 titans (Vaults:5)
  4 liches
  2 deep elf master archers (Elf:3)
  2 deep elf blademasters (Elf:3)
  21 acid blobs
  5 sphinxes (Vaults:5)
  3 ancient champions (Crypt:3)
  4 shadow dragons (Vaults:5)
  9 tengu reavers
  Donald (Crypt:1)
  A revenant (Crypt:2)
  16 azure jellies
  8 frost giants
  4 storm dragons
  5 deep elf sorcerers
  An iron dragon (Depths:3)
  4 ghost moths
  2 fire giants
  Louise (Swamp:3)
  6 emperor scorpions (Spider:4)
  9 vault wardens
  2 orc warlords (Orc:2)
  A curse skull (Crypt:3)
  4 war gargoyles (Vaults:5)
  2 ghouls (Crypt:3)
  A juggernaut skeleton (Crypt:1)
  4 spriggan defenders
  11 ironheart preservers
  2 deep elf elementalists (Elf:3)
  12 very ugly things
  11 stone giants
  2 entropy weavers
  14 deep elf annihilators
  2 vampire knights
  7 deep elf demonologists
  2 spark wasps
  8 ettins
  A crystal guardian (D:15)
  The ghost of GameOver the Destroyer, a journeyman NaWz of Okawaru (IceCv)
  4 fire dragons
  A minotaur (Lab)
  7 deep elf death magi
  9 yaktaur captains
  A blizzard demon (Depths:3)
  7 death oozes (Slime:5)
  5 great orbs of eyes
  5 deep elf high priests
  29 vault guards
  2 jiangshi (Crypt:2)
  8 ice dragons
  Erolcha (Orc:2)
  The ghost of Amnesiac the Carver, a journeyman HaFi of Okawaru (IceCv)
  2 rakshasas
  17 hydras
  3 ghost crabs
  19 dancing weapons
  7 centaur warriors
  13 ogre magi
  6 alligators
  A death knight (Crypt:3)
  A death yak (shapeshifter) (D:14)
  A queen ant (Lair:2)
  A deep troll earth mage (Depths:2)
  5 orc high priests
  3 vampire magi
  2 tengu warriors
  A deep troll shaman (Depths:2)
  2 spriggan berserkers
  A titan zombie (Vaults:5)
  4 spriggans
  A fire crab (Lair:6)
  6 hell knights
  A soul eater (Depths:3)
  14 deep elf knights
  10 skeletal warriors
  A fire crab (shapeshifter) (Vaults:4)
  3 shadow wraiths
  2 spriggan druids (Swamp:4)
  3 wizards
  3 unseen horrors (D:14)
  16 deep elf archers
  4 giant orange brains
  A deep troll (shapeshifter) (Vaults:4)
  3 shambling mangroves
  4 deep trolls
  2 flayed ghosts
  A lindwurm (shapeshifter) (Depths:2)
  6 swamp dragons (Swamp:4)
  7 necromancers
  An orange crystal statue (Vaults:3)
  2 lindwurms (Lair:6)
  3 harpies (Vaults:4)
  An iron giant skeleton (Crypt:1)
  3 phantasmal warriors (Crypt:3)
  11 orc knights
  10 ironbrand convokers
  6 hill giants
  10 ugly things
  An oklob plant (Lair:3)
  15 orb spiders
  17 wolf spiders
  5 griffons
  4 orc sorcerers
  5 shining eyes
  6 hornets
  3 manticores
  5 cyclopes
  43 deep elf magi
  A hornet (shapeshifter) (Vaults:2)
  A moth of wrath (Spider:4)
  A cyclops (shapeshifter) (Vaults:4)
  6 black mambas
  2 centaur zombies
  3 elephants (Lair:4)
  A human skeleton (Vaults:4)
  3 ice statues (IceCv)
  An orange demon (Depths:3)
  A naga mage (D:15)
  An octopode (shapeshifter) (D:15)
  10 vault sentinels
  A frost giant skeleton (Vaults:5)
  A smoke demon (Depths:3)
  A torpor snail (shapeshifter) (Vaults:5)
  13 spiny frogs
  A yaktaur zombie (Vaults:4)
  2 rime drakes (D:15)
  6 torpor snails (Lair:6)
  A rime drake (shapeshifter) (Vaults:5)
  11 komodo dragons
  27 yaktaurs
  5 demonic crawlers
  4 freezing wraiths
  A redback zombie (Crypt:2)
  A purple draconian skeleton (Crypt:3)
  12 jumping spiders
  6 giant leeches
  A two-headed ogre (shapeshifter) (Vaults:5)
  A boulder beetle (Vaults:5)
  3 meliai (Spider:4)
  A jumping spider (shapeshifter) (Vaults:5)
  7 trolls
  25 two-headed ogres
  9 bog bodies
  A slime creature (shapeshifter) (Depths:2)
  62 slime creatures
  13 blink frogs
  A frost giant simulacrum (Vaults:5)
  2 flying skulls (Crypt:3)
  A griffon zombie (Crypt:2)
  An air elemental (Elf:2)
  3 shadows
  2 tarantellas (shapeshifter)
  51 yaks
  31 redbacks
  A centaur simulacrum (D:15)
  12 tarantellas
  6 wyverns
  2 wraiths (D:14)
  3 vampires
  11 water elementals
  6 fire elementals
  6 basilisks
  A golden eye (shapeshifter) (Vaults:2)
  18 humans (D:14)
  5 hogs (Lair:4)
  17 vampire mosquitoes
  9 hippogriffs
  4 mottled dragons
  A yaktaur simulacrum (Vaults:5)
  A swamp worm (shapeshifter) (Depths:2)
  8 wargs
  5 swamp worms
  A giant eyeball (Depths:2)
  18 soldier ants
  11 water moccasins
  8 porcupines
  68 orc warriors
  11 swamp drakes
  6 ice beasts (IceCv)
  A phantom (D:10)
  4 eyes of draining
  An ettin simulacrum (Vaults:4)
  2 eyes of draining (shapeshifter)
  6 necrophages
  Purgy (Sewer)
  A black bear (shapeshifter) (Elf:1)
  16 centaurs
  17 wasps
  39 ogres
  6 boggarts
  3 sky beasts
  11 crocodiles
  A rime drake zombie (Crypt:3)
  2 big kobolds
  14 giant frogs
  An earth elemental (Elf:3)
  21 wights
  An electric eel (Lair:6)
  A troll skeleton (Lab)
  3 howler monkeys
  A giant frog zombie (D:10)
  4 hounds
  A lava snake (Elf:3)
  2 crimson imps
  2 wasp zombies
  5 jellies
  15 orc wizards
  39 orc priests
  4 centaur skeletons
  4 iguanas
  30 worker ants
  A tengu zombie (Crypt:3)
  A felid skeleton (Crypt:3)
  An ogre skeleton (Lab)
  A mummy (D:9)
  A howler monkey skeleton (D:7)
  A worker ant zombie (D:10)
  5 gnolls
  31 river rats
  12 adders
  3 shadow imps
  An adder zombie (D:6)
  3 worms (D:4)
  A giant gecko (D:10)
  117 orcs
  16 bats
  A giant cockroach (D:5)
  3 hobgoblins (D:2)
  10 kobolds
  A quokka (D:5)
  A ball python (D:3)
  A ball python zombie (D:1)
  2 giant newts (D:1)
  5 goblins (D:3)
  2 jackal zombies
  An orc zombie (Crypt:1)
  A quokka skeleton (D:5)
  A quokka zombie (D:6)
  7 rats
  A river rat skeleton (Crypt:3)
  2 plants (Lair:6)
1698 creatures vanquished.

Vanquished Creatures (collateral kills)
  A death ooze (Slime:5)
1 creature vanquished.

Vanquished Creatures (others)
  A deep elf archer (Elf:1)
  A spriggan druid (Swamp:4)
  A jumping spider (Spider:4)
  A water elemental (Depths:3)
  A redback (Spider:2)
  4 fungi
  8 plants
  20 spectral weapons
37 creatures vanquished.

Grand Total: 1736 creatures vanquished

Notes
Turn   | Place    | Note
-------+----------+-------------------------------------------
     0 | D:1      | jacquesderrida the Vine Stalker Skald began the quest for the Orb.
     0 | D:1      | Reached XP level 1. HP: 11/11 MP: 4/4
    60 | D:1      | Reached skill level 2 in Long Blades
   166 | D:2      | Reached XP level 2. HP: 6/15 MP: 1/6
   286 | D:3      | Found a radiant altar of Vehumet.
   342 | D:2      | Reached skill level 3 in Long Blades
   344 | D:2      | Reached XP level 3. HP: 13/18 MP: 7/7
   398 | D:3      | Found a snail-covered altar of Cheibriados.
   547 | D:4      | Gained mutation: Your natural rate of healing is unusually fast. [Vine Stalker growth]
   547 | D:4      | Reached XP level 4. HP: 15/23 MP: 8/8
   649 | D:4      | Noticed a moth of wrath
   652 | D:4      | Found a bloodstained altar of Trog.
   692 | D:4      | Reached skill level 4 in Long Blades
   791 | D:5      | Entered Level 5 of the Dungeon
   979 | D:5      | Found a glowing drain.
   983 | Sewer    | Entered a sewer
   988 | Sewer    | Noticed a big kobold
  1001 | Sewer    | Killed a big kobold
  1001 | Sewer    | Reached XP level 5. HP: 22/26 MP: 5/9
  1013 | Sewer    | Noticed Purgy
  1030 | Sewer    | Killed Purgy
  1030 | Sewer    | Reached skill level 5 in Long Blades
  1030 | Sewer    | Reached XP level 6. HP: 11/30 MP: 8/10
  1202 | D:5      | Found a shimmering altar of Xom.
  1219 | D:5      | Reached skill level 6 in Long Blades
  1453 | D:6      | Reached skill level 1 in Dodging
  1453 | D:6      | Reached XP level 7. HP: 12/34 MP: 3/11
  1703 | D:6      | Noticed a hippogriff
  1713 | D:6      | Killed a hippogriff
  1713 | D:6      | Reached skill level 7 in Long Blades
  1934 | D:7      | Found a shadowy altar of Dithmenos.
  2066 | D:7      | Found an ancient bone altar of Kikubaaqudgha.
  2132 | D:7      | Gained mutation: You have razor-sharp teeth. [Vine Stalker growth]
  2132 | D:7      | Reached XP level 8. HP: 33/38 MP: 9/12
  2245 | D:4      | Found a staircase to the Ecumenical Temple.
  2250 | Temple   | Entered the Ecumenical Temple
  2563 | D:8      | Reached skill level 8 in Long Blades
  2846 | D:8      | Found a basalt altar of Yredelemnul.
  2886 | D:8      | Reached skill level 5 in Dodging
  2898 | D:8      | Reached XP level 9. HP: 37/42 MP: 10/13
  3080 | D:8      | Reached skill level 9 in Long Blades
  3398 | D:8      | Found a shattered altar of Ashenzari.
  3406 | D:8      | Became a worshipper of Ashenzari the Shackled
  3519 | D:10     | Entered Level 10 of the Dungeon
  3650 | D:10     | Noticed a cyclops
  3666 | D:10     | Noticed a hill giant
  3970 | D:12     | Reached skill level 10 in Long Blades
  4011 | D:12     | Reached XP level 10. HP: 32/47 MP: 7/14
  4163 | D:11     | Found a staircase to the Lair.
  4179 | D:11     | Got the uncursed chain mail of the Enchanted Forest {rN+++ Slay+3 Stlth-}
  4190 | D:11     | Identified the +7 chain mail of the Enchanted Forest {rN+++ Slay+3 Stlth-} (You found it on level 11 of the Dungeon)
  4192 | Lair:1   | Entered Level 1 of the Lair of Beasts
  4192 | Lair:1   | Noticed a spiny frog
  4202 | Lair:1   | Killed a spiny frog
  4202 | Lair:1   | Reached skill level 1 in Armour
  4326 | Lair:1   | Reached * piety under Ashenzari
  4473 | Lair:1   | Noticed a spiny frog
  4548 | Lair:1   | Reached skill level 5 in Fighting
  4743 | Lair:2   | Reached skill level 11 in Long Blades
  4820 | Lair:3   | Found a labyrinth entrance.
  4829 | Lair:3   | Noticed a black mamba
  4835 | Lab      | Entered a labyrinth
  4867 | Lab      | Gained mutation: Your flesh is cold resistant. (rC+) [potion of mutation]
  4867 | Lab      | Gained mutation: You evolve. [potion of mutation]
  4867 | Lab      | Gained mutation: You are resistant to hostile enchantments. (MR+) [potion of mutation]
  4894 | Lab      | Reached XP level 11. HP: 49/56 MP: 15/15
  4947 | Lab      | Noticed a minotaur
  4983 | Lab      | Killed a minotaur
  5007 | Lab      | Identified the cursed ring "Arysu" {rC+ Int-3 Dex+2} (You found it in a labyrinth)
  5015 | Lab      | Got the uncursed pair of boots of the Sturgeon {+Blink Dex+3}
  5027 | Lab      | Identified the +4 pair of boots of the Sturgeon {+Blink Dex+3} (You found it in a labyrinth)
  5151 | Lair:3   | Noticed a four-headed hydra
  5152 | Lair:3   | Reached ** piety under Ashenzari
  5162 | Lair:3   | Killed a one-headed hydra
  5205 | Lair:3   | SPIDER
  5230 | Lair:3   | Reached skill level 5 in Armour
  5275 | Lair:3   | Identified the +2 robe of the Skies Above {rF+}
  5316 | Lair:4   | Learned a level 3 spell: Spectral Weapon
  5358 | Lair:4   | Identified a scroll of acquirement
  5448 | Lair:4   | Reached skill level 1 in Hexes
  5469 | Lair:4   | Got the rapier of the Establishment {pierce, Int+5}
  5470 | Lair:4   | Identified the +5 rapier of the Establishment {pierce, Int+5} (You found it on level 4 of the Lair of Beasts)
  5574 | Lair:4   | Noticed Kirke
  5714 | Lair:4   | Gained mutation: You heal very quickly. [Vine Stalker growth]
  5714 | Lair:4   | Reached XP level 12. HP: 51/63 MP: 17/17
  5987 | Lair:6   | Entered Level 6 of the Lair of Beasts
  6056 | Lair:6   | Reached skill level 12 in Long Blades
  6416 | Lair:6   | Reached skill level 5 in Charms
  6516 | Lair:6   | Reached XP level 13. HP: 59/68 MP: 20/20
  6574 | Lair:6   | Reached *** piety under Ashenzari
  6651 | Lair:6   | Found a runed door.
  6825 | Lair:6   | Reached skill level 5 in Hexes
  6971 | Lair:6   | Noticed an ice dragon
  6982 | Lair:6   | Killed an ice dragon
  7683 | D:11     | Found Voujuk Koce's Weapon Shop.
  7771 | D:11     | Bought the +10 great sword of Malaise {freeze, rElec MR+ Str+3} for 963 gold pieces
  7915 | D:12     | Found a staircase to the Orcish Mines.
  7925 | D:12     | Found a roughly hewn altar of Beogh.
  7941 | Orc:1    | Entered Level 1 of the Orcish Mines
  7949 | Orc:1    | Noticed a stone giant
  8063 | Orc:1    | Killed a stone giant
  8186 | Orc:1    | Found a roughly hewn altar of Beogh.
  8338 | Orc:2    | Entered Level 2 of the Orcish Mines
  8370 | Orc:2    | Reached **** piety under Ashenzari
  8469 | Orc:2    | Found Vagh's Gadget Emporium.
  8516 | Orc:2    | Found Oshasygu's Gadget Shoppe.
  8563 | Orc:2    | Found a roughly hewn altar of Beogh.
  8564 | Orc:2    | Reached XP level 14. HP: 75/75 MP: 21/21
  8584 | Orc:2    | Noticed an orc warlord
  8596 | Orc:2    | Killed an orc warlord
  8678 | Orc:2    | Reached skill level 13 in Long Blades
  8792 | Orc:2    | Noticed a stone giant
  8797 | Orc:2    | Killed a stone giant
  8946 | Orc:2    | Noticed Erolcha
  8953 | Orc:2    | Killed Erolcha
  8968 | Orc:2    | Noticed an orc warlord
  9003 | Orc:2    | Killed an orc warlord
  9046 | Orc:2    | Found a roughly hewn altar of Beogh.
  9108 | Orc:2    | Found Hisetargh's Armour Shoppe.
  9164 | Orc:2    | Reached skill level 10 in Dodging
  9203 | Orc:2    | Found Larioxto's Book Boutique.
  9613 | D:13     | Lost mutation: You are resistant to hostile enchantments. (MR+) [evolution]
  9627 | D:13     | Reached skill level 10 in Fighting
  9808 | D:14     | Reached XP level 15. HP: 80/80 MP: 22/22
  9841 | D:14     | Found Qozin's Gadget Shop.
  9909 | D:15     | Entered Level 15 of the Dungeon
  9973 | D:15     | Found a white marble altar of Elyvilon.
  9985 | D:15     | Identified the +4 falchion of Emeizo Yrisu {elec, rPois Dex+3}
  9996 | D:15     | Reached ***** piety under Ashenzari
 10008 | D:15     | Found a runed door.
 10022 | D:15     | Identified the cursed ring of Luun Nac {MP+9 EV-2 Dex+4}
 10037 | D:15     | Reached skill level 14 in Long Blades
 10096 | D:15     | Found a frozen archway.
 10111 | IceCv    | Entered an ice cave
 10111 | IceCv    | Noticed GameOver's ghost (journeyman NaWz)
 10121 | IceCv    | Killed GameOver's ghost
 10192 | IceCv    | Noticed Amnesiac's ghost (journeyman HaFi)
 10203 | IceCv    | Killed Amnesiac's ghost
 10208 | IceCv    | Identified the ring of Panentheism {+Inv MR+ Dex+6 Slay+4}
 10610 | Orc:2    | Found a staircase to the Elven Halls.
 10624 | Elf:1    | Entered Level 1 of the Elven Halls
 10650 | Elf:1    | Found Ditots's Antique Armour Shoppe.
 10916 | Elf:1    | Identified the +5 mace "Laceunag" {crush, Int+4 Stlth+}
 11163 | Elf:2    | Reached skill level 10 in Armour
 11179 | Elf:3    | Entered Level 3 of the Elven Halls
 11191 | Elf:3    | Reached XP level 16. HP: 88/88 MP: 23/23
 11308 | Elf:3    | Noticed a deep elf blademaster
 11315 | Elf:3    | Killed a deep elf blademaster
 11358 | Elf:3    | Noticed a deep elf blademaster
 11362 | Elf:3    | Killed a deep elf blademaster
 11365 | Elf:3    | Noticed a deep elf master archer
 11372 | Elf:3    | Killed a deep elf master archer
 11390 | Elf:3    | Noticed a deep elf master archer
 11404 | Elf:3    | Identified the ring of Mufaig {rElec Str+2 Dex+3} (You took it off a deep elf annihilator on level 3 of the Elven Halls)
 11407 | Elf:3    | Killed a deep elf master archer
 11434 | Elf:3    | Reached skill level 15 in Long Blades
 11445 | Elf:3    | Identified the cursed +2 quarterstaff "Demonbane" {antimagic, +Rage rF+ Str+4 Dex+3} (You took it off a deep elf annihilator on level 3 of the Elven Halls)
 11523 | Elf:3    | Identified the +1 cloak of Follow the Leader {Int+3}
 11554 | Elf:3    | Learned a level 1 spell: Apportation
 11561 | Elf:3    | Identified the amulet of Tecvejaf {Inacc Int+3}
 11570 | Elf:3    | Learned a level 4 spell: Passage of Golubria
 11573 | Elf:3    | Learned a level 2 spell: Blink
 11585 | Elf:3    | Identified the ring "Funusia" {rCorr rPois rN+ MR-}
 11592 | Elf:3    | Identified the Reference Book on Changing and Intoxication
 11634 | Elf:3    | Gained mutation: You are partially covered in large bone plates. (SH +4) [evolution]
 11688 | Elf:3    | Learned a level 2 spell: Repel Missiles
 11793 | Elf:3    | Identified the +4 rapier of Precise Incision {pierce, Stlth+}
 11892 | Elf:3    | Found Ivviwohe's Jewellery Boutique.
 11921 | Elf:3    | Found Alaqu's Elven Fire.
 11950 | Elf:3    | Reached XP level 17. HP: 89/94 MP: 24/24
 12279 | Elf:2    | Found a runed gate.
 12279 | Elf:2    | Found a runed gate.
 12279 | Elf:2    | Found a runed gate.
 12939 | Lair:4   | Found a staircase to the Swamp.
 12954 | Swamp:1  | Entered Level 1 of the Swamp
 12995 | Swamp:1  | Found a blossoming altar of Fedhas.
 13303 | Swamp:3  | Noticed Louise
 13305 | Swamp:3  | Noticed Roxanne
 13315 | Swamp:3  | Killed Louise
 13401 | Swamp:4  | Entered Level 4 of the Swamp
 13401 | Swamp:4  | Reached ****** piety under Ashenzari
 13652 | Swamp:4  | Reached skill level 16 in Long Blades
 13661 | Swamp:4  | Reached XP level 18. HP: 48/100 MP: 25/25
 13756 | Swamp:4  | Got a decaying rune of Zot
 14086 | Lair:3   | Found a hole to the Spider Nest.
 14097 | Spider:1 | Entered Level 1 of the Spider Nest
 14189 | Spider:2 | Noticed Jorgrun
 14199 | Spider:2 | Killed Jorgrun
 14366 | Spider:4 | Entered Level 4 of the Spider Nest
 14376 | Spider:3 | Identified the +1 robe of the First Wars {rPois rCorr Int-4}
 15131 | Spider:4 | Got a gossamer rune of Zot
 15701 | D:14     | Reached XP level 19. HP: 106/106 MP: 26/26
 15707 | D:14     | Found a gate to the Vaults.
 15716 | Vaults:1 | Entered Level 1 of the Vaults
 15869 | Vaults:2 | Found Jegown Yfiar's Book Boutique.
 15969 | Vaults:2 | Reached skill level 17 in Long Blades
 16109 | Vaults:2 | Noticed Sojobo
 16112 | Vaults:2 | Killed Sojobo
 16512 | Vaults:3 | Gained mutation: You occasionally shout uncontrollably at your foes. [evolution]
 16650 | Vaults:4 | Reached skill level 1 in Translocations
 16725 | Vaults:4 | Identified the +7 war axe of the Pyrrhic Victory {freeze, *Confuse +Blink MR+++ Dex-3} (You took it off a vampire on level 4 of the Vaults)
 16836 | Vaults:4 | Found a flickering gateway to a bazaar.
 16848 | Bazaar   | Entered a bazaar
 16848 | Bazaar   | Found Fin Ollo's Antique Weapon Boutique.
 16848 | Bazaar   | Found Legetzai's Food Shop.
 16848 | Bazaar   | Found Ufa Popp's Antique Armour Shop.
 16848 | Bazaar   | Found Bovuutz's Armour Boutique.
 16859 | Bazaar   | Bought a bloodstained chain mail for 114 gold pieces
 16859 | Bazaar   | Identified the +7 chain mail of Raidyvur {*Confuse rN+ Int+2 Dex+9} (You bought it in a shop in a bazaar)
 16902 | Vaults:4 | Reached skill level 5 in Spellcasting
 16902 | Vaults:4 | Reached XP level 20. HP: 112/112 MP: 28/28
 17191 | Vaults:5 | Entered Level 5 of the Vaults
 17397 | Vaults:5 | Noticed a golden dragon
 17449 | Vaults:5 | Reached skill level 15 in Fighting
 17500 | Vaults:5 | Reached skill level 5 in Translocations
 17501 | Vaults:5 | Noticed nublet's ghost (veteran DrCj)
 17547 | Vaults:5 | Noticed an ancient lich
 17549 | Vaults:5 | Noticed a Brimstone Fiend
 17566 | Vaults:5 | Reached skill level 18 in Long Blades
 17576 | Vaults:5 | Killed an ancient lich
 17679 | Vaults:5 | Noticed a golden dragon
 17693 | Vaults:5 | Killed a golden dragon
 17704 | Vaults:5 | Reached XP level 21. HP: 86/117 MP: 31/31
 17724 | Vaults:5 | Killed nublet's ghost
 17789 | Vaults:5 | Noticed an ancient lich
 17875 | Vaults:5 | Identified the cursed +2 falchion of Cowardice {freeze, SInv Stlth+}
 17926 | Vaults:5 | Killed a golden dragon
 18000 | Vaults:5 | Identified the +5 plate armour "Osaosm" {Int+3} (You took it off a deep elf high priest on level 5 of the Vaults)
 18073 | Vaults:5 | Reached skill level 10 in Charms
 18120 | Vaults:5 | Got a silver rune of Zot
 18123 | Vaults:5 | Noticed an ancient lich
 18133 | Vaults:5 | Killed an ancient lich
 18212 | Vaults:5 | Reached skill level 10 in Hexes
 18344 | Vaults:5 | Killed an ancient lich
 18364 | Vaults:5 | Identified the cursed +8 triple sword "Fazoreut" {venom, rF- rC- Str+5 Dex+10} (You acquired it on level 5 of the Vaults)
 18394 | Vaults:5 | Reached XP level 22. HP: 114/123 MP: 32/32
 18400 | Vaults:5 | Identified the +11 falchion of Benevolence {drain, *Corrode +Fly Dex+3} (You took it off a necromancer on level 5 of the Vaults)
 19145 | Lair:5   | Found a viscous altar of Jiyva.
 19146 | Lair:5   | Found a staircase to the Slime Pits.
 19154 | Lair:5   | Identified The Foundations of Spellweaving
 19164 | Slime:1  | Entered Level 1 of the Pits of Slime
 19378 | Slime:5  | Entered Level 5 of the Pits of Slime
 19399 | Slime:5  | Gained mutation: You sometimes yell uncontrollably at your foes. [a shining eye]
 19517 | Slime:5  | Reached skill level 19 in Long Blades
 19522 | Slime:5  | Noticed the Royal Jelly
 19537 | Slime:5  | Killed the Royal Jelly
 19538 | Slime:5  | Identified the ring of a Thousand Gods {*Tele rC- Int+4}
 19638 | Slime:5  | Identified the +11 war axe of Certain Death {vamp, +Inv rPois rF+}
 19677 | Slime:5  | Reached XP level 23. HP: 59/130 MP: 33/33
 19695 | Slime:5  | Identified the +2 robe of the Alphagorgon {rF- MR+ Int+8}
 19696 | Slime:5  | Identified the +0 scale mail of Salvation {rPois rF- rCorr}
 19721 | Slime:5  | Got a slimy rune of Zot
 19800 | Slime:5  | Gained mutation: You are clumsy. (Dex -2) [a shining eye]
 19810 | Slime:5  | Gained mutation: Your spells are a little easier to cast, but a little less powerful. [a shining eye]
 19812 | Slime:5  | Lost mutation: You sometimes yell uncontrollably at your foes. [potion of cure mutation]
 19812 | Slime:5  | Lost mutation: You are clumsy. (Dex -2) [potion of cure mutation]
 19812 | Slime:5  | Lost mutation: You occasionally shout uncontrollably at your foes. [potion of cure mutation]
 19812 | Slime:5  | Lost mutation: Your flesh is cold resistant. (rC+) [potion of cure mutation]
 19812 | Slime:5  | Lost mutation: You evolve. [potion of cure mutation]
 19812 | Slime:5  | Lost mutation: Your spells are a little easier to cast, but a little less powerful. [potion of cure mutation]
 19846 | Slime:5  | Gained mutation: Your magical capacity is low. (-10% MP) [a shining eye]
 19866 | Slime:5  | Gained mutation: You are frail. (-10% HP) [a shining eye]
 20527 | Vaults:3 | Found a staircase to the Crypt.
 20538 | Crypt:1  | Entered Level 1 of the Crypt
 20613 | Crypt:2  | Noticed Xtahua
 20626 | Crypt:2  | Killed Xtahua
 20714 | Crypt:1  | Noticed Donald
 20747 | Crypt:1  | Killed Donald
 20804 | Crypt:2  | Noticed Khufu
 20804 | Crypt:2  | Noticed a greater mummy
 20804 | Crypt:2  | Noticed a greater mummy
 20846 | Crypt:3  | Entered Level 3 of the Crypt
 20859 | Crypt:3  | Found a staircase to the Tomb.
 20920 | Crypt:3  | Noticed Saint Roka
 20937 | Crypt:3  | Killed Saint Roka
 21069 | Crypt:3  | Identified the +2 spear of Ash {pierce, rElec rF- rN+ Int+4}
 21069 | Crypt:3  | Identified the amulet of Roklu {-Tele +Rage rElec MP+9 Str+5}
 21070 | Crypt:3  | Identified the cursed +0 scale mail of Icaros {rN++ MP-9 Int+4 Dex+2}
 21090 | Crypt:3  | Reached skill level 1 in Air Magic
 21147 | Crypt:3  | Noticed a curse toe
 21153 | Crypt:3  | Killed a curse toe
 21166 | Crypt:3  | Noticed an ancient lich
 21166 | Crypt:3  | Noticed an ancient lich
 21188 | Crypt:3  | Killed an ancient lich
 21196 | Crypt:3  | Killed an ancient lich
 21213 | Crypt:3  | Noticed an ancient lich
 21231 | Crypt:3  | Killed an ancient lich
 21242 | Crypt:3  | Identified Sif Muna's Grimoire of the Displaced Volcanoes
 21567 | D:15     | Found a staircase to the Depths.
 21592 | Depths:1 | Entered Level 1 of the Depths
 21614 | Depths:1 | Found Loocito's Hallowed Reliquary.
 21616 | Depths:1 | Found a glowing golden altar of the Shining One.
 21623 | Depths:1 | Bought a potion of cure mutation for 400 gold pieces
 21623 | Depths:1 | Lost mutation: You are frail. (-10% HP) [potion of cure mutation]
 21623 | Depths:1 | Lost mutation: Your magical capacity is low. (-10% MP) [potion of cure mutation]
 21624 | Depths:1 | Phew
 22050 | Depths:2 | Reached skill level 5 in Air Magic
 22107 | Depths:2 | Reached XP level 24. HP: 114/136 MP: 33/33
 22193 | Depths:3 | Found a sacrificial altar of Ru.
 22219 | Depths:3 | Found a one-way gate leading to the halls of Pandemonium.
 22283 | Depths:3 | Reached skill level 20 in Long Blades
 22551 | Depths:3 | Identified the cursed +1 dagger "Medur" {freeze, Str+3}
 22641 | Depths:3 | Identified the cursed +2 flail of Dung {vamp, +Fly Str+4}
 22734 | Depths:3 | Noticed a caustic shrike
 22744 | Depths:3 | Killed a caustic shrike
 22757 | Depths:3 | Identified the +2 ring mail of Dim Light {Dex+2}
 22793 | Depths:3 | Found a gateway to Hell.
 22834 | Depths:4 | Quit the game

Vault maps used:
D:1:      saegor_arrival_fortress
D:2:      first_bread
D:3:      kb_forest_paths, cheibriados_altar_wand_db, vehumet_crystals,
          ecumenical_altar_2, uniq_natasha
D:4:      tgw_trog, grunt_temple_overflow_open, serial_shops, kennysheep_mini,
          nicolae_shop_behind_doors
D:5:      lightli_sewer_entry_pipes, lemuel_tele_altar
D:7:      lemuel_coloured_pillars_altar, nicolae_dithmenos_shadow_blocks,
          serial_shops, nicolae_shop_statue_plus
D:8:      nicolae_overflow_hidden_temple, basic_altar
D:9:      uniq_maurice, uniq_grum
D:10:     wad_woods_tower, serial_undead, serial_undead_f, serial_undead_c,
          serial_undead_d, serial_undead_e, serial_undead_e, serial_undead_b,
          the_bakery
D:11:     grunt_lair_entry_orc_guard_hut, serial_shops,
          nicolae_shop_behind_doors, uniq_sonja
D:12:     minmay_orc_entry_temple_small
D:14:     grunt_vaults_entry_tiered, serial_shops, nicolae_shop_waterfront
D:15:     hangedman_depths_entry_try_elsewhere_first, portal_ice_cave_rime,
          elyvilon_altar_3, minmay_st_funbox
Temple:   chequers_temple_sunken
Lair:1:   beast_lair_carwin_4, lemuel_fruit_fields, serial_bayou_shore_a
Lair:2:   minivault_29
Lair:3:   spider_nest_entry_funnel_web, lab_entry_generic
Lair:4:   minmay_swamp_entry_swarm, serial_bayou_crossing, lemuel_fruit_tree,
          grunt_megastairs_3, uniq_kirke
Lair:5:   slime_altar_1, minmay_hedge_maze
Lair:6:   wormcave, hangedman_lair_tendril_chambers, serial_bayou_ford_a
Swamp:1:  nicolae_swamp_godswood
Swamp:2:  evilmike_swamp_ruin_house_1
Swamp:3:  serial_swamp_ruin, evilmike_swamp_ruin_rubble_1,
          evilmike_swamp_ruin_house_4, evilmike_swamp_ruin_house_6, swamp_pool3,
          uniq_roxanne, uniq_louise
Swamp:4:  swamp, infiniplex_staircase_pool_2
Spider:1: special_room, uniq_nikola
Spider:2: uniq_jorgrun
Spider:3: nicolae_spider_mines_2
Spider:4: grunt_spider_rune_circles
Slime:3:  cheibrodos_slime_lost_civilization_7
Orc:1:    mines1_david
Orc:2:    pubby_orc_utopia, serial_shops, uniq_erolcha
Elf:1:    serial_shops, shop, orc_legates
Elf:2:    basic_stair_grate_trap
Elf:3:    elf_hall, serial_shops, shop, moated_statue, guppyfry_elf_lava
Vaults:1: grunt_tower_of_power, ontoclasm_vaults_idyll,
          nicolae_vaults_back_hallway, ontoclasm_vaults_loading_screen,
          vaults_dpeg_ring, nicolae_vaults_network_quinsquares
Vaults:2: nicolae_vaults_puzzle_piece, nicolae_vaults_mini_display_case,
          v_rooms_3, nicolae_vaults_asterisk, st_cells,
          nicolae_vaults_border_crossing, v_misc_28, hangedman_vaults_nodes,
          ontoclasm_vaults_ring_square, v_misc_22, serial_shops,
          nicolae_shop_waterfront, basic_altar, uniq_sojobo
Vaults:3: nicolae_vaults_ring_of_whatevers, minmay_crypt_entry_vampire_xt,
          ontoclasm_vaults_chip, v_misc_15, v_misc_1,
          ontoclasm_vaults_loading_screen, nicolae_vaults_angled_halls,
          nicolae_vaults_little_ls, nicolae_vaults_statue_guard,
          hangedman_vaults_slice, nicolae_vaults_three_branches, v_misc_4,
          hangedman_vaults_impose, v_misc_18, nicolae_vaults_diagonal_hallway_7
Vaults:4: vaults_room_hangedman_quadrants, vaults_room_fours, v_misc_28,
          v_misc_33, hangedman_vaults_trim, hangedman_vaults_capsules,
          nicolae_vaults_network_star, nicolae_vaults_little_squares_1,
          v_misc_8, vaults_room_stairs_pillars, vaults_room_pools,
          ontoclasm_vaults_ligature, serial_shops, bzr_firewalk
Vaults:5: serial_shops
Crypt:1:  basic_altar, uniq_donald
Crypt:2:  grunt_megastairs_2, uniq_xtahua, uniq_khufu
Crypt:3:  david_glass_crypt, basic_altar, uniq_saint_roka
Depths:1: hangedman_cross_veins, minmay_misc_feat_room,
          pf_hell_entry_tar_spiral, nicolae_good_shop, uniq_mara
Depths:2: minmay_octo_star, grunt_hell_entry_dis_old,
          serial_sigils_hangedman_quiver, kennysheep_generic_room_13
Depths:3: kennysheep_large_vault, rand_demon_pan_entry_5, hell_entry,
          abyss_entry_flame_altar, corexii_corridor_pit,
          hangedman_feature_mirror, kennysheep_generic_room_3
Depths:4: hangedman_slaughterboxes, abyss_entry, serial_shops, hell_entry
Lab:      nicolae_lab_dead_adventurers, nicolae_lab_do_over, lab_hedge,
          nicolae_lab_x, labyrinth_glass_1, nicolae_lab_starburst,
          nicolae_lab_plus, nicolae_lab_lava, nicolae_lab_blocks,
          nicolae_lab_flowing_pool, labyrinth_skeletal_remains,
          nicolae_lab_hexagon, nicolae_lab_arrow
Bazaar:   bazaar_minmay_generic_box
Sewer:    kennysheep_door_sewer
IceCv:    ice_cave_statue_garden_chambered

Skill      XL: |  1  2  3  4  5  6  7  8  9 10 11 12 13 14 15 16 17 18 19 20 21 22 23 24 |
---------------+-------------------------------------------------------------------------+-----
Long Blades    | 2 3 4 5 6 7 8 10 11 12 13 14 15 16 17 18 19 20 | 20.3
Dodging        | 1 3 5 6 7 8 9 10 11 12 13 14 | 14.4
Fighting       | 2 5 7 8 9 10 11 12 13 14 15 16 17 18 | 18.1
Armour         | 3 5 6 7 8 10 11 12 | 12.5
Hexes          | 1 4 6 8 10 11 12 | 12.3
Spellcasting   | 3 4 5 6 |  6.3
Charms         | 5 6 7 9 10 12 | 12.6
Translocations | 2 5 8 9 |  9.1
Air Magic      | 5 8 |  8.1

Action                   |  1- 3 |  4- 6 |  7- 9 | 10-12 | 13-15 | 16-18 | 19-21 | 22-24 || total
-------------------------+-------+-------+-------+-------+-------+-------+-------+-------++-------
Melee: Falchion          |    93 |   140 |   562 |       |       |       |       |       ||   795
       Bite              |    13 |    39 |   178 |   248 |   465 |   375 |   536 |   663 ||  2517
       Scimitar          |       |       |     4 |   351 |       |       |       |       ||   355
       Great sword       |       |       |       |   331 |  1214 |   822 |   937 |  1131 ||  4435
       Hand axe          |       |       |       |     6 |       |       |       |       ||     6
       Unarmed           |       |       |       |     4 |       |       |       |       ||     4
 Cast: Spectral Weapon   |       |       |       |       |     1 |     7 |    15 |    31 ||    54
       Repel Missiles    |       |       |       |       |       |     1 |     7 |     4 ||    12
       Blink             |       |       |       |       |       |       |     4 |     3 ||     7
       Apportation       |       |       |       |       |       |       |       |     8 ||     8
Invok: Curse Item        |       |       |     1 |     3 |     3 |     2 |       |       ||     9
       Scrying           |       |       |       |     1 |       |     2 |       |     1 ||     4
Evoke: Wand              |       |     5 |     8 |    12 |     1 |    19 |       |    10 ||    55
       Phantom mirror    |       |       |       |       |       |       |       |     1 ||     1
  Use: Potion            |     2 |       |     1 |     2 |     1 |     5 |     1 |     4 ||    16
       Scroll            |       |     4 |    12 |     5 |     5 |    13 |     7 |    11 ||    57
 Stab: Paralysed         |       |       |    15 |     3 |       |       |       |       ||    18
       Distracted        |       |       |       |       |       |     1 |     3 |     5 ||     9
  Eat: Chunk             |       |     3 |     5 |     8 |    17 |     8 |     7 |     4 ||    52
       Beef jerky        |       |       |     1 |       |       |     5 |     1 |       ||     7
       Royal jelly       |       |       |     1 |       |       |     1 |     1 |       ||     3
       Fruit             |       |       |       |     2 |     1 |       |       |     7 ||    10
       Meat ration       |       |       |       |       |       |       |       |     1 ||     1
       Pizza             |       |       |       |       |       |       |       |     1 ||     1
Armor: Ring mail         |    24 |    50 |   165 |    27 |       |       |       |       ||   266
       Leather armour    |     2 |       |       |       |       |       |       |       ||     2
       Chain mail        |       |       |       |   336 |   452 |   340 |   323 |   443 ||  1894
Dodge: Dodged            |    49 |    64 |   267 |   299 |   545 |   400 |   465 |   584 ||  2673
       Deflected         |       |       |       |       |       |     4 |    25 |    19 ||    48
Block: Other             |       |       |       |     5 |    49 |    85 |    92 |   128 ||   359
       Reflection        |       |       |       |       |     5 |       |       |       ||     5
